 Dungeon Crawl Stone Soup version 0.21.0-3-g78d12a8 (webtiles) character file.

127 eeldvark the Charlatan (level 5, 0/64 HPs)
             Began as a Gnoll Wanderer on Jan 7, 2018.
             Slain by an ogre
             ... wielding a +0 giant club
              (7 damage)
             ... on level 4 of the Dungeon on Jan 8, 2018.
             The game lasted 00:12:16 (2483 turns).

eeldvark the Charlatan (Gnoll Wanderer)             Turns: 2483, Time: 00:12:16

Health: 0/64       AC: 22    Str: 17    XL:     5   Next: 11%
Magic:  8/8        EV:  2    Int: 19    God:
Gold:   170        SH:  0    Dex: 13    Spells: 6/6 levels left

rFire    . . .     SeeInvis .   c - +1 falchion
rCold    . . .     Gourm    .   (no shield)
rNeg     + + +     Faith    .   (armour currently unavailable)
rPois    +         Spirit   .   (helmet currently unavailable)
rElec    .         Reflect  .   (cloak currently unavailable)
rCorr    .         Harm     .   (gloves currently unavailable)
MR       .....     NoTele   +   (boots currently unavailable)
Stlth    ++........             (no amulet)
HPRegen  0.20/turn              (no ring)
MPRegen  0.11/turn              (no ring)

@: brilliant, tree-form
A: distributed training, strong nose
a: no special abilities


You were on level 4 of the Dungeon.
You were not hungry.
You were a tree.
You visited 1 branch of the dungeon, and saw 4 of its levels.

You collected 170 gold pieces.

Inventory:

Hand Weapons
 b - a +0 short sword
 c - a +1 falchion (weapon)
 k - a +1 dagger of venom
Armour
 a - a +2 leather armour (melded)
 m - a +0 large shield
Jewellery
 i - an uncursed ring of poison resistance {unknown}
Wands
 f - a wand of acid (9)
Comestibles
 d - 7 rations


   Skills:
 + Level 4.7 Fighting
 + Level 1.3 Short Blades
 + Level 4.7 Long Blades
 + Level 1.3 Axes
 + Level 2.8 Maces & Flails
 + Level 1.3 Polearms
 + Level 1.3 Staves
 + Level 1.3 Slings
 + Level 1.3 Bows
 + Level 1.3 Crossbows
 + Level 1.3 Throwing
 + Level 4.7 Armour
 + Level 2.8 Dodging
 + Level 1.3 Stealth
 + Level 1.3 Shields
 + Level 1.3 Unarmed Combat
 + Level 1.3 Spellcasting
 + Level 1.0 Conjurations
 + Level 1.0 Hexes
 + Level 1.0 Charms
 + Level 1.0 Summonings
 + Level 1.0 Necromancy
 + Level 1.0 Translocations
 + Level 1.0 Transmutations
 + Level 1.0 Fire Magic
 + Level 1.0 Ice Magic
 + Level 1.0 Air Magic
 + Level 1.0 Earth Magic
 + Level 1.0 Poison Magic
 + Level 1.4 Invocations
 + Level 4.7 Evocations


You had 6 spell levels left.
You didn't know any spells.

Dungeon Overview and Level Annotations

Branches:
Dungeon (4/15)
 Temple: D:4-7

Altars:
Fedhas
Gozag
Makhleb
Okawaru
Trog
Zin

Annotations:
D:3 Sigmund; komo4ek's ghost, amateur TeSu
D:4 Uhlv's ghost, amateur MiWn


Innate Abilities, Weirdness & Mutations

Your experience applies equally to all skills.
((You have very sharp teeth.))
Your uncanny sense of smell can sniff out nearby items.


Message History

* * * LOW HITPOINT WARNING * * *
As you read the scroll labeled NUBBEG OMIRRIS, it crumbles to dust.
You feel blessed for a moment.
It was a scroll of remove curse.
The ogre barely misses you.
It was a potion of brilliance.
You feel clever all of a sudden. The ogre closely misses you.
You riposte.
You hit the ogre. Your bite misses the ogre.
The ogre is heavily wounded.
It was a potion of lignification.
You turn into a tree.
Your +2 leather armour melds into your body.
Your roots penetrate the ground.
The ogre hits you with a giant club!
* * * LOW HITPOINT WARNING * * *
You aren't carrying any potions.
You aren't carrying any spellbooks or scrolls.
You hit the ogre but do no damage. The ogre hits you but does no damage.
You slash the ogre!
The ogre is moderately wounded.
The ogre hits you with a giant club!
You die...

≈≈≈≈≈≈≈≈≈≈≈≈#
≈≈.≈$≈≈≈....#
............#
.....O..W...#
#######...### ∆
##O## ### .
#..# ...
....########.##
#.#
.......♣OO...#
#.#
....#####W####
#<# . #.# #.#
#.# #.### #.#
#...## #.#
#.#...# #.#
.###..# #.#
#.#...# #.#


You could see 2 ogres and Uhlv's ghost.

Vanquished Creatures
  6 adders
  A worm (D:4)
  4 dart slugs
  4 leopard geckos
  4 bats
  4 giant cockroaches (D:1)
  5 goblins (D:1)
  10 hobgoblins
  7 jackals
  3 frilled lizards
  3 kobolds
  7 rats
58 creatures vanquished.

Notes
Turn   | Place    | Note
-------+----------+-------------------------------------------
     0 | D:1      | eeldvark the Gnoll Wanderer began the quest for the Orb.
     0 | D:1      | eeldvark set off with: a +2 leather armour, a +0 short sword, a +0 falchion, a ration
     0 | D:1      | Reached XP level 1. HP: 20/20 MP: 3/3
   159 | D:1      | Reached XP level 2. HP: 22/26 MP: 5/5
   409 | D:1      | Upgraded the game from 0.21.0 to 0.21.0-3-g78d12a8
   463 | D:1      | Reached XP level 3. HP: 29/31 MP: 6/6
   824 | D:1      | Reached skill level 1 in Invocations
  1135 | D:2      | Reached skill level 1 in Short Blades
  1135 | D:2      | Reached skill level 1 in Axes
  1135 | D:2      | Reached skill level 1 in Polearms
  1135 | D:2      | Reached skill level 1 in Staves
  1135 | D:2      | Reached skill level 1 in Slings
  1135 | D:2      | Reached skill level 1 in Bows
  1135 | D:2      | Reached skill level 1 in Crossbows
  1135 | D:2      | Reached skill level 1 in Throwing
  1135 | D:2      | Reached skill level 1 in Stealth
  1135 | D:2      | Reached skill level 1 in Shields
  1135 | D:2      | Reached skill level 1 in Unarmed Combat
  1135 | D:2      | Reached skill level 1 in Spellcasting
  1135 | D:2      | Reached XP level 4. HP: 26/38 MP: 7/7
  1595 | D:2      | Found a glowing silver altar of Zin.
  1596 | D:2      | Found an opulent altar of Gozag.
  1661 | D:2      | Found a bloodstained altar of Trog.
  1661 | D:2      | Found a burning altar of Makhleb.
  1810 | D:3      | Found an iron altar of Okawaru.
  1895 | D:3      | Noticed komo4ek's ghost (amateur TeSu)
  1942 | D:3      | Noticed Sigmund
  2032 | D:3      | Reached skill level 1 in Conjurations
  2032 | D:3      | Reached skill level 1 in Hexes
  2032 | D:3      | Reached skill level 1 in Charms
  2032 | D:3      | Reached skill level 1 in Summonings
  2032 | D:3      | Reached skill level 1 in Necromancy
  2032 | D:3      | Reached skill level 1 in Translocations
  2032 | D:3      | Reached skill level 1 in Transmutations
  2032 | D:3      | Reached skill level 1 in Fire Magic
  2032 | D:3      | Reached skill level 1 in Ice Magic
  2032 | D:3      | Reached skill level 1 in Air Magic
  2032 | D:3      | Reached skill level 1 in Earth Magic
  2032 | D:3      | Reached skill level 1 in Poison Magic
  2052 | D:3      | Found a blossoming altar of Fedhas.
  2398 | D:4      | Reached XP level 5. HP: 39/43 MP: 8/8
  2463 | D:4      | Noticed an ogre
  2467 | D:4      | Noticed an ogre
  2468 | D:4      | Noticed Uhlv's ghost (amateur MiWn)
  2483 | D:4      | Slain by an ogre

Skill      XL: |  1  2  3  4 |
---------------+-------------+-----
Invocations    | 1 |  1.4
Short Blades   | 1 |  1.3
Axes           | 1 |  1.3
Polearms       | 1 |  1.3
Staves         | 1 |  1.3
Slings         | 1 |  1.3
Bows           | 1 |  1.3
Crossbows      | 1 |  1.3
Throwing       | 1 |  1.3
Stealth        | 1 |  1.3
Shields        | 1 |  1.3
Unarmed Combat | 1 |  1.3
Spellcasting   | 1 |  1.3
Conjurations   | 1 |  1.0
Hexes          | 1 |  1.0
Charms         | 1 |  1.0
Summonings     | 1 |  1.0
Necromancy     | 1 |  1.0
Translocations | 1 |  1.0
Transmutations | 1 |  1.0
Fire Magic     | 1 |  1.0
Ice Magic      | 1 |  1.0
Air Magic      | 1 |  1.0
Earth Magic    | 1 |  1.0
Poison Magic   | 1 |  1.0
Fighting       | |  4.7
Long Blades    | |  4.7
Maces & Flails | |  2.8
Armour         | |  4.7
Dodging        | |  2.8
Evocations     | |  4.7

Action                   |  1- 3 |  4- 6 || total
-------------------------+-------+-------++-------
Melee: Falchion          |   108 |    80 ||   188
       Bite              |     8 |     6 ||    14
  Use: Scroll            |     4 |     1 ||     5
       Potion            |       |     6 ||     6
 Stab: Sleeping          |     1 |       ||     1
  Eat: Chunk             |     1 |     4 ||     5
Armor: Leather armour    |    21 |    56 ||    77
       Skin              |       |     1 ||     1
Dodge: Dodged            |    61 |    81 ||   142
       Rpst.: Falchion   |    18 |    21 ||    39
